 Dungeon Crawl Stone Soup version 0.24.0-123-gd5b16e6ec5 (webtiles) character file.

Game seed: 17765625628847499905, levelgen mode: deterministic

238 Delamore the Cleaver (level 6, -6/51 HPs)
             Began as a Hill Orc Fighter on Dec 23, 2019.
             Mangled by Grinder (8 damage)
             ... on level 3 of the Dungeon.
             The game lasted 00:03:31 (2294 turns).

Delamore the Cleaver (Hill Orc Fighter)             Turns: 2294, Time: 00:03:32

Health: -6/51      AC:  8    Str: 21    XL:     6   Next: 7%
Magic:  6/6        EV:  7    Int: 13    God:
Gold:   65         SH:  9    Dex: 10    Spells: 3/5 levels left

rFire    . . .     SeeInvis .   a - +0 war axe
rCold    . . .     Gourm    .   c - +0 shield
rNeg     . . .     Faith    .   b - +0 scale mail
rPois    .         Spirit   .   i - +0 helmet
rElec    .         Reflect  .   (no cloak)
rCorr    .         Harm     .   (no gloves)
MR       +....                  (no boots)
Stlth    ..........             (no amulet)
HPRegen  0.17/turn              r - ring of protection from magic
MPRegen  0.10/turn              (no ring)

@: brilliant
A: no striking features
a: no special abilities


You were on level 3 of the Dungeon.
You were not hungry.

You visited 1 branch of the dungeon, and saw 3 of its levels.

You collected 65 gold pieces.

Inventory:

Hand Weapons
 a - a +0 war axe (weapon)
Armour
 b - a +0 scale mail (worn)
 c - a +0 shield (worn)
 i - a +0 helmet (worn)
Jewellery
 r - a ring of protection from magic (left hand)
Scrolls
 g - 3 scrolls of remove curse {unknown}
 j - a scroll of noise {unknown}
 k - 3 scrolls of identify {unknown}
 l - 4 scrolls of teleportation {unknown}
 m - a scroll of magic mapping {unknown}
 n - a scroll of blinking {unknown}
Potions
 d - a potion of might
 e - 2 potions of cancellation
 h - a potion of invisibility {unknown}
 o - a potion of resistance {unknown}
 p - a potion of brilliance
 q - a potion of agility {unknown}
Comestibles
 f - 10 rations


   Skills:
 - Level 3.6 Fighting
 + Level 8.1 Axes
 - Level 3.2 Armour
 - Level 3.2 Shields


You had 3 spell levels left.
You knew the following spells:

 Your Spells              Type           Power        Failure   Level  Hunger
a - Blink                 Tloc           N/A          45%         2    ###....

Your spell library contained the following spells:

 Spells                   Type           Power        Failure   Level  Hunger
 Shroud of Golubria       Chrm/Tloc      #.....       45%         2    ###....
 Gell's Gravitas          Tloc           #.........   67%         3    ####...
 Lesser Beckoning         Tloc           #.........   67%         3    ####...
 Teleport Other           Tloc           #.......     67%         3    ####...
 Passage of Golubria      Tloc           N/A          94%         4    #####..


Dungeon Overview and Level Annotations

Branches:
Dungeon (3/15)

Altars:

Annotations:
D:3 Grinder


Message History

Grinder gestures at you. Pain shoots through your body!
* * * LOW HITPOINT WARNING * * *
You hit Grinder but do no damage.
Grinder is severely wounded.
You block Grinder's attack.
Your shield and scale mail prevent you from hitting Grinder.
Grinder is severely wounded.
You block Grinder's attack.
It was a potion of brilliance.
You feel clever all of a sudden.
Grinder grins, showing sharp teeth.
Grinder hits you but does no damage.
You barely miss Grinder.
Grinder is severely wounded.
Grinder hits you but does no damage.
You hit Grinder but do no damage.
Grinder is severely wounded.
Grinder hits you!
You die...

#.# #..#.(...
###.####..#.....
..#...#####>....
###.#.### #####.
...#(# #. ###.#.#
#########. #...).#
#.....)...
#5#.#####.########
#@#.^.....#
#.######### #.#
#.# #.# #.# #.#
#.# ..#


You could see Grinder.

Vanquished Creatures
  Jessica (D:3)
  Natasha (D:2)
  2 orc wizards (D:3)
  4 adders (D:3)
  An ooze (D:3)
  4 worms
  4 dart slugs
  3 leopard geckos
  4 orcs (D:3)
  12 bats
  2 giant cockroaches
  5 hobgoblins
  2 quokkas
  A frilled lizard (D:3)
  6 goblins (D:1)
  10 kobolds
  11 rats
73 creatures vanquished.

Notes
Turn   | Place    | Note
-------+----------+-------------------------------------------
     0 | D:1      | Delamore the Hill Orc Fighter began the quest for the Orb.
     0 | D:1      | Reached XP level 1. HP: 19/19 MP: 1/1
    52 | D:1      | Reached skill level 3 in Axes
   140 | D:1      | Reached XP level 2. HP: 26/26 MP: 2/2
   190 | D:1      | Reached skill level 4 in Axes
   330 | D:1      | Reached XP level 3. HP: 24/31 MP: 3/3
   447 | D:1      | Reached skill level 5 in Axes
  1031 | D:2      | Reached XP level 4. HP: 34/39 MP: 4/4
  1270 | D:2      | Learned a level 2 spell: Blink
  1431 | D:2      | Noticed Natasha
  1447 | D:2      | Killed Natasha
  1447 | D:2      | Reached skill level 6 in Axes
  1690 | D:3      | Reached XP level 5. HP: 35/45 MP: 5/5
  1725 | D:3      | Reached skill level 7 in Axes
  2122 | D:3      | Noticed Jessica
  2130 | D:3      | Killed Jessica
  2130 | D:3      | Reached skill level 8 in Axes
  2130 | D:3      | Reached XP level 6. HP: 49/51 MP: 6/6
  2260 | D:3      | Noticed Grinder
  2289 | D:3      | HP: 1/51 [Grinder/nerve-wracking pain (9)]
  2294 | D:3      | Mangled by Grinder

Levels and vault maps discovered:
D:1:      dpeg_arrival_three_bigger_balls, layout_basic, st_stairs_6
D:2:      layout_basic, uniq_natasha
D:3:      layout_basic, uniq_jessica, uniq_grinder

Skill      XL: |  1  2  3  4  5 |
---------------+----------------+-----
Axes           | 3 4 5 6 8 |  8.1
Fighting       | |  3.6
Armour         | |  3.2
Shields        | |  3.2

Action                   |  1- 3 |  4- 6 || total
-------------------------+-------+-------++-------
Melee: War axe           |   112 |   141 ||   253
  Use: Potion            |       |     3 ||     3
  Eat: Chunk             |     1 |     4 ||     5
Armor: Scale mail        |    54 |    94 ||   148
Dodge: Dodged            |    25 |    51 ||    76
Block: Shield            |    66 |    66 ||   132
